 Dungeon Crawl Stone Soup version 0.29.1-2-gbd0b4ee654 (webtiles) character file.

Game seed: 3276759142426241024

109 concon the Grave Robber (level 4, 0/31 HPs)
             Began as a Demonspawn Necromancer on Nov 26, 2022.
             Killed from afar by Ijyb (12 damage)
             ... with an iceblast
             ... on level 3 of the Dungeon.
             The game lasted 00:05:34 (2436 turns).

concon the Grave Robber (Demonspawn Necromancer)    Turns: 2436, Time: 00:05:34

Health: 0/31       AC:  5    Str:  8    XL:     4   Next: 59%
Magic:  3/8        EV: 12    Int: 21    God:
Gold:   141        SH:  0    Dex: 13    Spells: 7/8 levels left

rFire   . . .      SeeInvis .   i - staff of death
rCold   . . .      Faith    .   (no shield)
rNeg    + + .      Spirit   .   a - +0 robe
rPois   .          Reflect  .   (no helmet)
rElec   .          Harm     .   k - +1 cloak
rCorr   .          Rampage  .   (no gloves)
Will    .....                   w - +0 pair of boots
Stlth   ++........              (no amulet)
HPRegen 0.10/turn               n - ring of positive energy
MPRegen 0.11/turn               (no ring)

@: no status effects
A: big brain 1, demonic magic 1, weakness stinger 1
a: no special abilities


You were on level 3 of the Dungeon.
You visited 1 branch of the dungeon, and saw 3 of its levels.

You collected 141 gold pieces.

Inventory:

Hand Weapons
 d - a +0 dagger
 g - a +0 quarterstaff
Missiles
 s - 6 poisoned darts
Armour
 a - a +0 robe (worn)
 k - a +1 cloak (worn)
 w - a +0 pair of boots (worn)
Magical Staves
 i - a staff of death (weapon)
Jewellery
 n - a ring of positive energy (left hand)
 p - a +6 ring of intelligence
Scrolls
 c - 2 scrolls of magic mapping {unknown}
 e - 4 scrolls of identify {unknown}
 j - 3 scrolls of teleportation {unknown}
 l - a scroll of vulnerability {unknown}
 r - 2 scrolls of amnesia {unknown}
 t - a scroll of immolation {unknown}
 u - a scroll of fear {unknown}
 x - a scroll of noise {unknown}
Potions
 b - a potion of magic
 f - a potion of resistance {unknown}
 h - a potion of lignification {unknown}
 m - a potion of haste {unknown}
 o - 4 potions of curing {unknown}
 q - a potion of flight {unknown}
 v - a potion of mutation {unknown}
 z - a potion of degeneration {unknown}


   Skills:
 * Level 0.8 Fighting
 * Level 2.0 Dodging
 * Level 2.4 Stealth
 * Level 2.8 Spellcasting
 * Level 5.4 Necromancy
 * Level 0.5 Evocations


You had 7 spell levels left.
You knew the following spells:

 Your Spells              Type           Power      Damage    Failure   Level
a - Necrotise             Necr           100%       1d9       1%          1

Your spell library contained the following spells:

 Spells                   Type           Power      Damage    Failure   Level
 Vampiric Draining        Necr           38%        2d8       4%          3
 Animate Dead             Necr           38%        N/A       14%         4
 Agony                    Necr           38%        N/A       38%         5


Dungeon Overview and Level Annotations

Branches:
Dungeon (3/15)

Altars:
Cheibriados

Shops:
D:3 *

Annotations:
D:3 Ijyb


Innate Abilities, Weirdness & Mutations

You have an unusually large brain. (Int +2)
Spells you cast may paralyse adjacent enemies.
You have a small tail.


Message History

You kill the ball python!
Malevolent energies surge around you.
The dead are slithering!
You swap places.
You swap places.
Your ball python skeleton crumbles into dust!
You open the gate.
A worm and Ijyb come into view.
Ijyb is wielding a +0 club, wearing a +2 leather armour of cold resistance and carrying a wand of iceblast (6).
Found a snail-covered altar of Cheibriados.
Aiming: Necrotise (safe; 1% risk of failure)
Press: ? - help, Q - select action, (/) - cycle Shift-Dir - straight line, f - Ijyb
Aim: Ijyb, wielding a +0 club, wearing a +2 leather armour of cold resistance and carrying a wand of iceblast (6) (asleep, chance to affect: 88%)
You feel a surge of power!
Ijyb shouts!
Ijyb writhes in agony!
Malevolent energies surge around you.
Ijyb zaps a wand.
The mass of ice explodes!
The iceblast engulfs you!
Aiming: Necrotise (safe; 1% risk of failure)
Press: ? - help, Q - select action, (/) - cycle Shift-Dir - straight line, f/p - Ijyb
Aim: Ijyb, wielding a +0 club, wearing a +2 leather armour of cold resistance and carrying a wand of iceblast (5) (moderately wounded, chance to affect: 88%)
You feel a surge of power!
Ijyb barely resists.
Malevolent energies surge around you.
Aiming: Necrotise (safe; 1% risk of failure)
Press: ? - help, Q - select action, (/) - cycle Shift-Dir - straight line, f/p - Ijyb
Aim: Ijyb, wielding a +0 club, wearing a +2 leather armour of cold resistance and carrying a wand of iceblast (5) (moderately wounded, chance to affect: 88%)
You feel a surge of power!
Ijyb writhes in agony.
Malevolent energies surge around you.
Aiming: Necrotise (safe; 1% risk of failure)
Press: ? - help, Q - select action, (/) - cycle Shift-Dir - straight line, f/p - Ijyb
Aim: Ijyb, wielding a +0 club, wearing a +2 leather armour of cold resistance and carrying a wand of iceblast (5) (heavily wounded, chance to affect: 88%)
You feel a surge of power!
Ijyb writhes in agony.
Malevolent energies surge around you.
Ijyb zaps a wand.
The mass of ice explodes!
The iceblast engulfs you!
Aiming: Necrotise (safe; 1% risk of failure)
Press: ? - help, Q - select action, (/) - cycle Shift-Dir - straight line, f/p - Ijyb
Aim: Ijyb, wielding a +0 club, wearing a +2 leather armour of cold resistance and carrying a wand of iceblast (4) (heavily wounded, chance to affect: 88%)
You feel a surge of power!
Ijyb writhes in agony.
Malevolent energies surge around you.
Ijyb zaps a wand.
The mass of ice explodes!
The iceblast engulfs you!
You die...

.....#.##........######........#.
####.#.##........##..............
..##.#...........##..............
#.##.#...........##........###...
#....#...........##........###'##
....##....#####............#.....
....'..#### #..8..#......#.....
....#..###### #.....#....###.....
....#.......# #.@...#....# #.....
#####.......####'''##....# #.....
..###.........#.....#....# #.....
..+...........#.gw..#....###.....
..###+#.......#.....#............
..#...........#.....#............
..#...........#.._..#............
..#....#......##########....#####
###..........##.............#####


You could see Ijyb and a worm.

Vanquished Creatures
  A hound (D:3)
  An adder (D:2)
  A worm (D:2)
  A dart slug (D:1)
  7 ball pythons
  5 endoplasms
  4 giant cockroaches
  5 hobgoblins
  4 jackals (D:1)
  4 kobolds
  A quokka (D:3)
  4 bats
  4 frilled lizards
  7 goblins
  4 rats
53 creatures vanquished.

Vanquished Creatures (collateral kills)
  An endoplasm (D:1)
  2 goblins (D:2)
  A frilled lizard (D:1)
  A kobold (D:1)
  A rat (D:3)
6 creatures vanquished.

Vanquished Creatures (others)
  2 plants (D:3)
2 creatures vanquished.

Grand Total: 61 creatures vanquished

Notes
Turn   | Place    | Note
-------+----------+-------------------------------------------
     0 | D:1      | concon the Demonspawn Necromancer began the quest for the
                  | Orb.
     0 | D:1      | Reached XP level 1. HP: 13/13 MP: 3/3
   261 | D:1      | Gained mutation: You have a small tail. [demonic ancestry]
   261 | D:1      | Reached XP level 2. HP: 19/19 MP: 1/5
   433 | D:1      | Reached skill level 5 in Necromancy
   627 | D:1      | Gained mutation: Spells you cast may paralyse adjacent
                  | enemies. [demonic ancestry]
   627 | D:1      | Reached XP level 3. HP: 25/25 MP: 3/6
  1645 | D:2      | Found a faded altar of an unknown god.
  1829 | D:3      | Gained mutation: You have an unusually large brain. (Int
                  | +2) [demonic ancestry]
  1829 | D:3      | Reached XP level 4. HP: 31/31 MP: 5/7
  1875 | D:3      | Found Heant's Assorted Antiques.
  2431 | D:3      | Found a snail-covered altar of Cheibriados.
  2431 | D:3      | Noticed Ijyb
  2436 | D:3      | Killed from afar by Ijyb

Illustrated notes

Levels and vault maps discovered:
D:1:      kennysheep_arrival_forest, layout_rooms
D:2:      layout_basic, hellmonk_ecumenical_altar_pennies_from_heaven,
          minmay_distorted
D:3:      layout_basic, zin_academy, slow_altar_2, serial_forest,
          infiniplex_forest_clump_cross, infiniplex_forest_clump_small,
          infiniplex_forest_straight_2, infiniplex_forest_straight_4,
          infiniplex_forest_lined_room_2, infiniplex_forest_clump_small,
          serial_shops, nicolae_shop_temple_entry_statues_fountains, uniq_ijyb

Skill      XL: |  1  2  3  4 |
---------------+-------------+-----
Stealth        | 2 |  2.4
Necromancy     | 5 |  5.4
Dodging        | 2 |  2.0
Fighting       | |  0.8
Spellcasting   | |  2.8
Evocations     | |  0.5

Action                   |  1- 3 |  4- 6 || total
-------------------------+-------+-------++-------
Melee: Dagger            |     4 |       ||     4
       Staff             |     8 |     5 ||    13
       Punch             |     1 |       ||     1
       Tailslap          |       |     1 ||     1
 Cast: Necrotise         |    60 |    18 ||    78
 Stab: Paralysed         |     3 |     2 ||     5
Armor: Robe              |     5 |       ||     5
Dodge: Dodged            |     7 |     7 ||    14
